 Dungeon Crawl Stone Soup version 0.29.1-14-g9c671dbff4 (webtiles) character file.

Game seed: 5877884163487803276

54 theswoord the Digger (level 3, 0/19 HPs)
             Began as a Gargoyle Earth Elementalist on Feb 13, 2023.
             Slain by Sigmund
             ... wielding a +0 scythe
              (7 damage)
             ... on level 2 of the Dungeon.
             The game lasted 00:03:32 (1520 turns).

theswoord the Digger (Gargoyle Earth Elementalist)  Turns: 1520, Time: 00:03:33

Health: 0/19       AC:  7    Str: 13    XL:     3   Next: 91%
Magic:  0/7        EV: 11    Int: 15    God:
Gold:   57         SH:  0    Dex: 10    Spells: 7/8 levels left

rFire   . . .      SeeInvis .   h - +1 short sword (elec)
rCold   + . .      Faith    .   (no shield)
rNeg    + . .      Spirit   .   a - +0 robe
rPois   ∞          Reflect  .   d - +1 helmet
rElec   +          Harm     .   (no cloak)
rCorr   .          Rampage  .   (no gloves)
Will    .....                   (no boots)
Stlth   ++........              e - amulet of regeneration
HPRegen 0.86/turn               g - ring of protection from cold
MPRegen 0.10/turn               (no ring)

@: attractive
A: sickness immunity, AC +3, negative energy resistance 1, electricity
resistance, torment resistance 1, petrification resistance
a: no special abilities


You were on level 2 of the Dungeon.
You visited 1 branch of the dungeon, and saw 2 of its levels.

You collected 57 gold pieces.

Inventory:

Hand Weapons
 c - a +0 whip
 h - a +1 short sword of electrocution (weapon)
Armour
 a - a +0 robe (worn)
 d - a +1 helmet (worn)
 j - a +0 animal skin
Jewellery
 e - an amulet of regeneration (around neck)
 g - a ring of protection from cold (left hand)
Potions
 b - a potion of magic
 f - a potion of lignification {unknown}
 i - a potion of attraction
 k - a potion of curing {unknown}
 l - a potion of mutation {unknown}


   Skills:
 - Level 1.5 Dodging
 - Level 2.1 Stealth
 + Level 3.0 Spellcasting
 - Level 0.7 Transmutations
 + Level 4.8 Earth Magic


You had 7 spell levels left.
You knew the following spells:

 Your Spells              Type           Power      Damage    Failure   Level
a - Sandblast             Erth           32%        2d9       2%          1

Your spell library contained the following spells:

 Spells                   Type           Power      Damage    Failure   Level
 Passwall                 Tmut/Erth      8%         N/A       10%         2
 Stone Arrow              Conj/Erth      18%        3d8       22%         3
 Petrify                  Tmut/Erth      10%        N/A       54%         4


Dungeon Overview and Level Annotations

Branches:
Dungeon (2/15)

Altars:

Annotations:
D:2 Sigmund


Innate Abilities, Weirdness & Mutations

You are immune to sickness and miasma.
Your stone body is resilient. (AC +3)
You are immune to poison.
You resist negative energy. (rN+)
You are resistant to electric shocks. (rElec)
You are resistant to unholy torment.
You are immune to petrification.


Message History

Aim: Sigmund, wielding a +0 scythe and wearing a +0 robe (heavily wounded, 80% to hit)
The blast of sand misses Sigmund.
Sigmund gestures at you while chanting. The puff of flame hits you!
Ouch! That really hurt!
* * * LOW HITPOINT WARNING * * *
Casting: Sandblast (safe; 2% risk of failure)
Confirm with . or Enter, or press ? or * to list all spells.
Aiming: Sandblast (safe; 2% risk of failure)
Press: ? - help, Shift-Dir - straight line, f/p - Sigmund
Aim: Sigmund, wielding a +0 scythe and wearing a +0 robe (heavily wounded, 80% to hit)
The blast of sand misses Sigmund.
Sigmund casts a spell at you. The puff of flame hits you.
* * * LOW HITPOINT WARNING * * *
Sigmund hits you with a +0 scythe.
* * * LOW HITPOINT WARNING * * *
Casting: Sandblast (safe; 2% risk of failure)
Confirm with . or Enter, or press ? or * to list all spells.
Aiming: Sandblast (safe; 2% risk of failure)
Press: ? - help, Shift-Dir - straight line, f/p - Sigmund
Aim: Sigmund, wielding a +0 scythe and wearing a +0 robe (heavily wounded, 80% to hit)
The blast of sand misses Sigmund.
Sigmund closely misses you.
Casting: Sandblast (safe; 2% risk of failure)
Confirm with . or Enter, or press ? or * to list all spells.
Aiming: Sandblast (safe; 2% risk of failure)
Press: ? - help, Shift-Dir - straight line, f/p - Sigmund
Aim: Sigmund, wielding a +0 scythe and wearing a +0 robe (heavily wounded, 80% to hit)
The blast of sand hits Sigmund.
Sigmund is severely wounded.
Sigmund hits you but does no damage.
Casting: Sandblast (safe; 2% risk of failure)
Confirm with . or Enter, or press ? or * to list all spells.
Aiming: Sandblast (safe; 2% risk of failure)
Press: ? - help, Shift-Dir - straight line, f/p - Sigmund
Aim: Sigmund, wielding a +0 scythe and wearing a +0 robe (severely wounded, 80% to hit)
The blast of sand hits Sigmund!
Sigmund is almost dead.
Sigmund hits you with a +0 scythe!
You die...

## #. ... ..#
###. ..# #.# ...
... #.# #.. #.#
#.# ..## #####.#
#.# ..# #...#.#
#.# #@#
#.....####.# #@#
#..........#
#.###.†#######.#
#.#.......# #.#
#.........#
#.###
###.......##
#.... #.#
..........#
#.### #.#
###........#
#.... #.#
#........# #####
#.# #........# #


You could see Sigmund.

Vanquished Creatures
  Robin (D:1)
  A worm (D:2)
  2 ball pythons
  An endoplasm (D:1)
  4 giant cockroaches
  9 goblins
  6 hobgoblins
  A quokka (D:1)
  4 bats (D:2)
  A frilled lizard (D:2)
  5 kobolds
  2 rats (D:1)
37 creatures vanquished.

Notes
Turn   | Place    | Note
-------+----------+-------------------------------------------
     0 | D:1      | theswoord the Gargoyle Earth Elementalist began the quest
                  | for the Orb.
     0 | D:1      | Reached XP level 1. HP: 10/10 MP: 3/3
   312 | D:1      | You fall into a shaft and drop 1 floor!
   398 | D:1      | Reached skill level 4 in Earth Magic
   398 | D:1      | Reached XP level 2. HP: 15/15 MP: 1/5
   517 | D:1      | Found a faded altar of an unknown god.
  1022 | D:2      | Noticed Robin
  1141 | D:1      | Killed Robin
  1142 | D:1      | Reached XP level 3. HP: 6/19 MP: 0/7
  1511 | D:2      | Noticed Sigmund
  1520 | D:2      | Slain by Sigmund

Skill      XL: |  1  2  3 |
---------------+----------+-----
Earth Magic    | 4 |  4.8
Spellcasting   | 3 |  3.0
Dodging        | |  1.5
Stealth        | |  2.1
Transmutations | |  0.7

Action                   || total
-------------------------++-------
Melee: Unarmed           ||     2
       Short sword       ||    34
       Whip              ||    12
       Punch             ||     1
 Cast: Sandblast         ||    46
  Use: Scroll            ||     3
       Potion            ||     3
 Stab: Sleeping          ||     1
Armor: Robe              ||    34
Dodge: Dodged            ||    75

Levels and vault maps discovered:
D:1:      tarquinn_simple_flora_water_a, layout_loops_ring,
          shapermc_ecumenical_altar_notcrosses, dk_noncrumbling_2
D:2:      layout_loops_ring, bh_walls_and_bars, uniq_sigmund, uniq_robin
